 Dungeon Crawl Stone Soup version 0.18.1-50-g88ac8fd (webtiles) character file.

41502 KarmaPolice the Bewitcher (level 13, -11/80 HPs)
             Began as a Vampire Enchanter on Sept 27, 2016.
             Was a High Priest of Dithmenos.
             Mangled by a jumping spider (19 damage)
             ... on level 6 of the Lair of Beasts.
             The game lasted 01:23:02 (23504 turns).

KarmaPolice the Bewitcher (Vampire Enchanter)      Turns: 23504, Time: 01:23:03

Health: -11/80     AC:  4    Str:  8    XL:     13   Next: 80%
Magic:  33/34      EV:  7    Int: 20    God:    Dithmenos [*****.]
Gold:   1016       SH:  0    Dex: 20    Spells: 5 memorised, 16 levels left

rFire  . . .     SeeInvis +     G - +5 dagger of the Key {freeze, MR+ Dex+4 Stlth-}
rCold  + . .     Gourm    .     b - +1 robe
rNeg   + . .     Faith    .     (no shield)
rPois  .         Spirit   .     (no helmet)
rElec  +         Dismiss  .     (no cloak)
rCorr  +         Reflect  .     (no gloves)
SustAt .         Harm     .     z - +0 pair of boots
MR     ++...                    P - amulet of magic regeneration
Stlth  ++++++++++               D - ring of magical power
                                B - ring of the Harvest {rCorr +Fly rElec rC+}

@: about to teleport, very slightly contaminated, held, hasted, wreathed by
umbra, very quick, very resistant to hostile enchantments, uncannily stealthy
A: fangs 3, see invisible, unbreathing
a: Bat Form, Shadow Step, Shadow Form, Renounce Religion, Evoke Flight


You were on level 6 of the Lair of Beasts.
You worshipped Dithmenos.
Dithmenos was extremely pleased with you.
You were not thirsty.

You visited 3 branches of the dungeon, and saw 18 of its levels.

You collected 1016 gold pieces.

Inventory:

Hand Weapons
 G - the +5 dagger of the Key (weapon) {freeze, MR+ Dex+4 Stlth-}
   (You found it on level 11 of the Dungeon)

   It has been specially enchanted to freeze those struck by it, causing extra
   injury to most foes and up to half again as much damage against particularly
   susceptible opponents.
   It can also slow down cold-blooded creatures.
   It affects your dexterity (+4).
   It affects your resistance to hostile enchantments.
   It makes you less stealthy.
Armour
 b - a +1 robe (worn)
 z - a +0 pair of boots (worn)
Jewellery
 B - the ring of the Harvest (left hand) {rCorr +Fly rElec rC+}
   (You found it on level 6 of the Dungeon)

   [ring of resist corrosion]

   It protects you from cold.
   It insulates you from electricity.
   It lets you fly.
 D - a ring of magical power (right hand)
 I - an uncursed ring of protection from magic
 K - an uncursed ring of positive energy
 N - an uncursed ring of protection from magic
 P - an amulet of magic regeneration (around neck)
 Q - an uncursed ring of protection from cold
Wands
 e - a wand of hasting (1/9)
 t - a wand of teleportation (3/9)
 v - a wand of acid (5/15)
 A - a wand of iceblast (6/15)
 C - a wand of iceblast (8/15)
 T - a wand of polymorph (18/24)
Scrolls
 f - a scroll of magic mapping
 i - 4 scrolls of enchant weapon
 j - 6 scrolls of identify
 k - 2 scrolls of enchant armour
 m - 6 scrolls of remove curse
 r - 4 scrolls of amnesia
 s - 4 scrolls of recharging
 y - a scroll of fear {unknown}
 E - 3 scrolls of noise {unknown}
 H - a scroll of brand weapon {unknown}
 J - a scroll of holy word {unknown}
 L - 4 scrolls of random uselessness {unknown}
 M - a scroll of acquirement {unknown}
 R - 3 scrolls of teleportation
Potions
 d - 32 potions of blood
 g - 5 potions of heal wounds
 h - 4 potions of might {unknown}
 l - 4 potions of agility {unknown}
 n - a potion of brilliance {unknown}
 o - 6 potions of degeneration {unknown}
 p - 6 potions of flight {unknown}
 q - 5 potions of haste {unknown}
 u - 2 potions of berserk rage {unknown}
 w - a potion of mutation {unknown}
 x - 3 potions of curing {unknown}
 O - a potion of lignification {unknown}
Books
 c - a book of Maledictions

   Spells                             Type                      Level
   a - Corona                         Hexes                        1
   b - Ensorcelled Hibernation        Hexes/Ice                    2
   c - Confuse                        Hexes                        3
   d - Tukima's Dance                 Hexes                        3
   e - Dazzling Spray                 Conjuration/Hexes            3
 F - a book of Battle

   Spells                             Type                      Level
   a - Infusion                       Charms                       1
   b - Shroud of Golubria             Charms/Translocation         2
   c - Song of Slaying                Charms                       2
   d - Spectral Weapon                Hexes/Charms                 3
   e - Regeneration                   Charms/Necromancy            3


   Skills:
 - Level 0.3 Fighting
 + Level 10.7 Short Blades
 - Level 2.5 Dodging
 + Level 15.5 Stealth
 - Level 8.3 Spellcasting
 + Level 16.7 Hexes
 - Level 8.1 Ice Magic
 + Level 9.4 Invocations


You had 16 spell levels left.
You knew the following spells:

 Your Spells              Type           Power        Failure   Level  Hunger
a - Corona                Hex            ######.      0%          1    None
b - Ensorcelled Hibernat  Hex/Ice        ######       1%          2    None
c - Confuse               Hex            ######..     1%          3    None
d - Tukima's Dance        Hex            ######..     1%          3    None
e - Dazzling Spray        Conj/Hex       #####.       1%          3    None


Dungeon Overview and Level Annotations

Branches:
Dungeon (11/15)            Temple (1/1) D:7            Lair (6/8) D:10
  Swamp (0/4) Lair:6       Spider (0/4) Lair:6        Slime (0/6) Lair:6
    Orc: D:9-12

Altars:
Ashenzari
Cheibriados
Dithmenos
Elyvilon
Fedhas
Gozag
Kikubaaqudgha
Makhleb
Nemelex Xobeh
Okawaru
Pakellas
Qazlal
Ru
Sif Muna
Trog
Vehumet
Xom
Yredelemnul
Zin
The Shining One
Jiyva

Shops:
D:4 [

Annotations:
Lair:3 exclusion: oklob plant


Innate Abilities, Weirdness & Mutations

You have razor-sharp teeth.
You have supernaturally acute eyesight.
You can survive without breathing.


Message History

The jumping spider bites you but does no damage.
Casting: Ensorcelled Hibernation
Confirm with . or Enter, or press ? or * to list all spells.
Okay, then.
Evoke which item? (* to show all) (? for menu, Esc to quit)
Okay, then.
Drink which item? (? for menu, Esc to quit)
Okay, then.
Evoke which item? (* to show all) (? for menu, Esc to quit)
Zapping:
e - a wand of hasting (will waste charges)
Press: ? - help, Shift-Dir - straight line, f - you You feel yourself speed up.
You are very lightly contaminated with residual magic.
Evoking this partially-identified wand wasted a few charges.
The jumping spider pounces on you!
* * * LOW HITPOINT WARNING * * *
You are even more entangled.
The jumping spider bites you.
* * * LOW HITPOINT WARNING * * *
The jumping spider leaps!
The jumping spider pounces on you!!
You die...

...###...........#...#..###
##. ..................#...#.#
#. ......P...#.###..#......#
#. ...####<.P#.#.###.......#
#. ...###...P..#...###.....#
#. ....##P.....#.>.^##..#..#
#. ....##......#.....##.##.#
## ...P##......##.^§§^#.#..#
#### ....###......##^@..##.#.#
#..#
....P.........#.^s^.###.###..#
..............###...##P......#
................##^..##......#
.................##.s........#
..†..........†...##§......####
............>.............#
.+.#.†.......P...#........# ##
.#.#.........#............# #.


You could see 2 jumping spiders.

Vanquished Creatures
  7 hydras
  A catoblepas (Lair:5)
  The ghost of DungeonMaster the Fighter, a novice DrWn of Gozag (D:9)
  A tengu warrior (D:11)
  3 death yaks (Lair:6)
  Nergalle (D:10)
  An unseen horror (D:11)
  A hill giant (D:10)
  2 griffons
  6 elephants (Lair:5)
  6 black mambas
  A torpor snail (Lair:4)
  9 spiny frogs
  A centaur skeleton (D:11)
  3 komodo dragons
  3 rime drakes (Lair:5)
  A spriggan druid (Lair:6)
  3 polar bears (Lair:6)
  A queen bee (Lair:5)
  A boulder beetle (Lair:5)
  A two-headed ogre (D:8)
  7 blink frogs
  Sigmund (D:5)
  49 yaks
  3 wyverns
  6 humans (Lair:6)
  2 basilisks (Lair:3)
  Eustachio (D:4)
  A hungry ghost (D:10)
  A steam dragon (D:9)
  5 hippogriffs
  3 vampire mosquitoes
  Menkaure (D:5)
  2 swamp worms (Lair:6)
  8 water moccasins
  2 hell hounds (D:10)
  4 porcupines
  2 orc warriors
  2 sky beasts (D:7)
  A phantom (D:7)
  2 ice beasts
  2 black bears
  A necrophage (D:10)
  4 centaurs
  6 ogres
  6 wolves (Lair:3)
  8 crocodiles
  8 giant frogs
  A gnoll sergeant (D:8)
  A wyvern skeleton (D:8)
  2 scorpions
  25 killer bees
  3 howler monkeys
  2 electric eels (Lair:6)
  7 crimson imps
  2 orc priests
  7 hounds
  2 jellies
  A gnoll shaman (D:10)
  12 orc wizards
  A giant frog skeleton (D:7)
  Jessica (Lair:6)
  5 iguanas
  7 worker ants
  13 sheep
  A hound skeleton (D:8)
  A howler monkey zombie (D:9)
  2 worker ant zombies
  9 gnolls
  6 adders
  A howler monkey skeleton (D:10)
  66 river rats
  3 shadow imps
  3 oozes
  2 adder skeletons
  2 worms (D:2)
  A dart slug (D:1)
  7 giant geckos
  44 orcs
  A ball python (D:1)
  5 giant cockroaches
  14 goblins
  5 hobgoblins
  14 jackals
  9 kobolds
  5 quokkas
  6 bats
  A giant cockroach zombie (D:5)
  A giant gecko skeleton (D:8)
  8 giant newts
  A quokka skeleton (D:4)
  9 rats
  A fungus (Lair:2)
512 creatures vanquished.

Vanquished Creatures (collateral kills)
  A hill giant (D:11)
  2 two-headed ogres
  An orc warrior (D:6)
  An ogre (D:6)
5 creatures vanquished.

Vanquished Creatures (others)
  A giant gecko (D:4)
  A quokka (D:4)
  10 fungi
  7 plants
19 creatures vanquished.

Grand Total: 536 creatures vanquished

Notes
Turn   | Place    | Note
--------------------------------------------------------------
     0 | D:1      | KarmaPolice the Vampire Enchanter began the quest for the Orb.
     0 | D:1      | Reached XP level 1. HP: 13/13 MP: 3/3
   305 | D:1      | Reached XP level 2. HP: 19/19 MP: 5/5
   597 | D:1      | Reached skill level 5 in Stealth
   893 | D:1      | Reached XP level 3. HP: 19/24 MP: 6/6
   988 | D:1      | Reached skill level 5 in Hexes
  1394 | D:2      | Learned a level 2 spell: Ensorcelled Hibernation
  1398 | D:2      | Learned a level 3 spell: Confuse
  1698 | D:2      | Found an ancient bone altar of Kikubaaqudgha.
  2120 | D:2      | Found an oddly glowing altar of Pakellas.
  2349 | D:2      | Reached XP level 4. HP: 30/30 MP: 7/7
  3589 | D:3      | Reached XP level 5. HP: 33/35 MP: 5/8
  3601 | D:3      | Learned a level 3 spell: Tukima's Dance
  3800 | D:4      | Found Lurett's Armour Emporium.
  3852 | D:4      | Reached skill level 6 in Hexes
  4170 | D:4      | Found a white marble altar of Elyvilon.
  4287 | D:4      | Found a burning altar of Makhleb.
  4288 | D:4      | Found a radiant altar of Vehumet.
  4512 | D:5      | Entered Level 5 of the Dungeon
  4512 | D:5      | Noticed Sigmund
  4516 | D:5      | Killed Sigmund
  4516 | D:5      | Reached XP level 6. HP: 41/41 MP: 7/11
  4526 | D:5      | Noticed Menkaure
  4882 | D:5      | Found a bloodstained altar of Trog.
  4882 | D:5      | Noticed Eustachio
  5863 | D:4      | Killed Eustachio
  5863 | D:4      | Reached skill level 7 in Hexes
  5863 | D:4      | Reached XP level 7. HP: 44/46 MP: 3/12
  6168 | D:5      | Reached skill level 1 in Ice Magic
  6403 | D:5      | Killed Menkaure
  6403 | D:5      | Reached skill level 8 in Hexes
  6538 | D:6      | Reached XP level 8. HP: 52/52 MP: 14/14
  6904 | D:6      | Reached skill level 5 in Spellcasting
  6904 | D:6      | Reached skill level 9 in Hexes
  6907 | D:6      | Reached skill level 10 in Stealth
  6915 | D:6      | Reached XP level 9. HP: 57/57 MP: 4/17
  7079 | D:6      | Found a glowing golden altar of the Shining One.
  7361 | D:6      | Got a coiled silver ring
  7594 | D:6      | Identified the ring of the Harvest {rCorr +Fly rElec rC+} (You found it on level 6 of the Dungeon)
  7660 | D:6      | Reached skill level 5 in Short Blades
  7770 | D:7      | Reached skill level 10 in Hexes
  8106 | D:7      | Reached skill level 5 in Ice Magic
  8709 | D:7      | Found a staircase to the Ecumenical Temple.
  8714 | Temple   | Entered the Ecumenical Temple
  8732 | Temple   | Became a worshipper of Dithmenos the Shadowed
  8955 | D:8      | Found a sparkling altar of Nemelex Xobeh.
  9723 | D:8      | Found an opulent altar of Gozag.
  9932 | D:8      | Reached skill level 1 in Invocations
  9940 | D:8      | Learned a level 3 spell: Dazzling Spray
 10145 | D:8      | Reached XP level 10. HP: 53/63 MP: 15/20
 10150 | D:8      | Reached skill level 11 in Hexes
 10849 | D:9      | Reached * piety under Dithmenos
 11318 | D:9      | Noticed DungeonMaster's ghost (novice DrWn)
 11369 | D:9      | Killed DungeonMaster's ghost
 11698 | D:10     | Entered Level 10 of the Dungeon
 11782 | D:10     | Noticed Nergalle
 11864 | D:10     | Killed Nergalle
 12075 | D:10     | Reached skill level 12 in Hexes
 12412 | D:10     | Found a staircase to the Lair.
 12482 | D:11     | Noticed a hill giant
 12499 | D:11     | Killed a hill giant
 13848 | D:10     | Noticed a hill giant
 13864 | D:10     | Reached XP level 11. HP: 68/68 MP: 20/22
 13878 | D:10     | Killed a hill giant
 13991 | D:11     | Noticed an unseen horror
 14263 | D:10     | Reached ** piety under Dithmenos
 14364 | D:11     | Killed an unseen horror
 14380 | D:11     | Reached skill level 5 in Invocations
 14515 | D:11     | Got a faintly glowing dagger
 14516 | D:11     | Identified the +5 dagger of the Key {freeze, MR+ Dex+4 Stlth-} (You found it on level 11 of the Dungeon)
 14568 | D:11     | Noticed a tengu warrior
 14594 | D:11     | Killed a tengu warrior
 14609 | D:11     | Reached skill level 13 in Hexes
 14882 | Lair:1   | Entered Level 1 of the Lair of Beasts
 16571 | Lair:2   | Noticed a seven-headed hydra
 16589 | Lair:2   | Killed a seven-headed hydra
 16705 | Lair:2   | Reached skill level 14 in Hexes
 16888 | Lair:2   | Reached *** piety under Dithmenos
 16888 | Lair:2   | Reached XP level 12. HP: 73/74 MP: 24/24
 17900 | Lair:3   | Noticed a six-headed hydra
 17917 | Lair:3   | Killed a six-headed hydra
 18185 | Lair:3   | Noticed a seven-headed hydra
 18192 | Lair:3   | Killed a seven-headed hydra
 18675 | Lair:4   | Noticed an eight-headed hydra
 18890 | Lair:4   | Killed an eight-headed hydra
 19055 | Lair:4   | Reached skill level 15 in Hexes
 19110 | Lair:3   | Reached **** piety under Dithmenos
 20525 | Lair:5   | Reached XP level 13. HP: 80/80 MP: 24/25
 21674 | Lair:5   | Reached skill level 16 in Hexes
 21839 | Lair:5   | Reached ***** piety under Dithmenos
 22118 | Lair:5   | Reached skill level 10 in Short Blades
 22537 | Lair:6   | Reached skill level 15 in Stealth
 22568 | Lair:6   | Noticed Jessica
 22622 | Lair:6   | Killed Jessica
 22957 | Lair:6   | Found a viscous altar of Jiyva.
 22958 | Lair:6   | Found a staircase to the Slime Pits.
 22997 | Lair:6   | Found a staircase to the Swamp.
 23494 | Lair:6   | Found a hole to the Spider Nest.
 23504 | Lair:6   | Mangled by a jumping spider

Skill      XL: |  1  2  3  4  5  6  7  8  9 10 11 12 13 |
---------------+----------------------------------------+-----
Stealth        | 5 6 7 8 10 11 14 15 | 15.5
Hexes          | 5 6 7 8 9 10 12 14 15 16 | 16.7
Short Blades   | 2 3 4 6 7 9 10 | 10.7
Spellcasting   | 3 4 5 6 7 8 |  8.3
Ice Magic      | 2 4 6 7 8 |  8.1
Invocations    | 1 4 6 8 9 |  9.4
Fighting       | |  0.3
Dodging        | |  2.5

Action                   |  1- 3 |  4- 6 |  7- 9 | 10-12 | 13-15 || total
-------------------------+-------+-------+-------+-------+-------++-------
Melee: Dagger            |   140 |   166 |   212 |   438 |   231 ||  1187
       Bite              |     9 |    11 |    22 |    30 |    22 ||    94
       Unarmed           |       |       |     2 |     1 |     1 ||     4
 Cast: Ensorcelled Hiber |     5 |    36 |    73 |   209 |    91 ||   414
       Confuse           |       |     9 |    25 |    43 |    13 ||    90
       Tukima's Dance    |       |     1 |     7 |    11 |       ||    19
       Corona            |       |       |     5 |    10 |     8 ||    23
       Dazzling Spray    |       |       |       |     5 |       ||     5
Invok: Shadow Step       |       |       |       |       |     1 ||     1
 Abil: End Transformatio |     2 |     6 |    23 |    45 |    13 ||    89
       Bat Form          |     2 |     6 |    23 |    45 |    13 ||    89
Evoke: Wand              |       |       |       |       |     2 ||     2
  Use: Potion            |     1 |     6 |     4 |    10 |       ||    21
       Scroll            |       |     4 |     4 |     2 |     4 ||    14
 Stab: Sleeping          |    21 |    37 |    63 |   165 |    77 ||   363
       Distracted        |     1 |       |       |     1 |     4 ||     6
       Confused          |       |     4 |    12 |    28 |     8 ||    52
  Eat: Corpse            |     1 |     1 |       |     4 |     4 ||    10
Armor: Robe              |    22 |    43 |    18 |    28 |    20 ||   131
Dodge: Dodged            |    72 |   166 |    97 |   245 |   131 ||   711
